 Dungeon Crawl Stone Soup version 0.21-a0-417-g0adc95b (webtiles) character file.

599 tof the Slasher (level 7, -2/61 HPs)
             Began as a Minotaur Monk on Nov 3, 2017.
             Slain by an orc warrior
             ... wielding a +0 flail
              (12 damage)
             ... on level 5 of the Dungeon.
             The game lasted 00:07:14 (4138 turns).

tof the Slasher (Minotaur Monk)                     Turns: 4138, Time: 00:07:16

Health: -2/61      AC: 13    Str: 17    XL:     7   Next: 17%
Magic:  6/6        EV:  7    Int:  7    God:
Gold:   246        SH:  0    Dex: 13    Spells: 6/6 levels left

rFire    . . .     SeeInvis .   r - -2 mace (curse)
rCold    . . .     Gourm    .   (no shield)
rNeg     + . .     Faith    +   w - +0 plate armour
rPois    .         Spirit   .   (helmet restricted)
rElec    .         Reflect  .   s - +1 cloak
rCorr    .         Harm     .   (no gloves)
MR       .....     Rnd*Tele +   (no boots)
Stlth    ..........             v - amulet of faith
HPRegen  0.20/turn              E - ring of positive energy
MPRegen  0.10/turn              F - ring of teleportation (curse)

@: no status effects
A: retaliatory headbutt, horns 2
a: no special abilities


You were on level 5 of the Dungeon.
You were hungry.

You visited 1 branch of the dungeon, and saw 5 of its levels.

You collected 246 gold pieces.

Inventory:

Hand Weapons
 a - a +0 falchion
 r - a cursed -2 mace (weapon)
 z - a +2 whip of flaming
Missiles
 A - 18 poisoned needles
Armour
 s - a +1 cloak (worn)
 w - a +0 plate armour (worn)
Jewellery
 k - an uncursed ring of resist corrosion
 v - an amulet of faith (around neck)
 y - an uncursed ring of magical power
 E - a ring of positive energy (left hand)
 F - a cursed ring of teleportation (right hand)
Wands
 x - a wand of digging (16/24)
 G - a wand of lightning (8/15)
Scrolls
 f - a scroll of enchant weapon
 g - 2 scrolls of recharging
 j - 3 scrolls of teleportation
 p - a scroll of fear
 C - a scroll of amnesia
 D - 2 scrolls of identify
Potions
 d - 6 potions of mutation {unknown}
 e - a potion of magic {unknown}
 i - 2 potions of degeneration {unknown}
 l - a potion of heal wounds {unknown}
 n - 2 potions of curing {unknown}
 o - a potion of lignification {unknown}
 q - a potion of ambrosia {unknown}
 t - a potion of invisibility {unknown}
 u - 5 potions of haste {unknown}
 B - a potion of agility {unknown}
Comestibles
 b - 12 fruits
 c - 7 bread rations
 h - a meat ration
 m - 3 royal jellies


   Skills:
 + Level 5.3 Fighting
 * Level 6.5 Long Blades
 + Level 2.8 Throwing
 + Level 3.4 Armour
 + Level 4.6 Dodging
 - Level 1.5 Stealth


You had 6 spell levels left.
You didn't know any spells.

Dungeon Overview and Level Annotations

Branches:
Dungeon (5/15)
 Temple: D:4-7

Altars:
Makhleb
The Shining One

Annotations:
D:5 morken's ghost, novice DsBe


Innate Abilities, Weirdness & Mutations

You reflexively headbutt those who attack you in melee.
You have a pair of horns on your head.


Message History

The orc warrior hits you with a flail!!
* * * LOW HITPOINT WARNING * * *
You hit the orc warrior but do no damage.
You headbutt the orc warrior!
The orc warrior is heavily wounded.
You hear some strange, mumbled words.
Something tries to affect you, but you resist.
The orc barely misses you.
The orc warrior hits you but does no damage.
You hit the orc warrior but do no damage.
The orc warrior is heavily wounded.
You hear some strange, mumbled words.
Something tries to affect you, but you resist.
The orc barely misses you. You furiously retaliate!
You headbutt the orc. The orc warrior barely misses you. Something hits you.
* * * LOW HITPOINT WARNING * * *
You closely miss the orc warrior.
The orc warrior is heavily wounded.
The orc hits you but does no damage. The orc warrior hits you with a flail!
You die...

..# #..# #.... #.#.# ########
#..... #########......#
..#.#.###..............#
......o................#
#...........o@...............#
+...........{................#
#............................#
#............................#
#..W.................).......#
#..............###############
#..............+............#
####..............#............#
...+.....#######'##............#


You could see an orc warrior and an orc.

Vanquished Creatures
  Purgy (D:3)
  A phantom (D:4)
  A hound (D:4)
  A bullfrog skeleton (D:4)
  An iguana (D:4)
  A worker ant (D:5)
  A killer bee zombie (D:3)
  A hound skeleton (D:5)
  A howler monkey zombie (D:3)
  10 gnolls
  5 adders
  A shadow imp (D:5)
  3 oozes
  An adder skeleton (D:4)
  3 worms
  3 dart slugs
  A leopard gecko (D:4)
  6 orcs (D:5)
  2 ball pythons
  7 giant cockroaches
  5 hobgoblins
  5 jackals
  8 kobolds
  5 quokkas
  7 bats
  3 frilled lizards
  7 goblins
  A quokka skeleton (D:5)
  6 rats
98 creatures vanquished.

Vanquished Creatures (others)
  2 fungi (D:5)
2 creatures vanquished.

Grand Total: 100 creatures vanquished

Notes
Turn   | Place    | Note
-------+----------+-------------------------------------------
     0 | D:1      | tof the Minotaur Monk began the quest for the Orb.
     0 | D:1      | Reached XP level 1. HP: 19/19 MP: 0/0
   152 | D:1      | Reached XP level 2. HP: 27/27 MP: 1/1
   163 | D:1      | Reached skill level 4 in Long Blades
   271 | D:1      | Reached skill level 1 in Armour
   330 | D:1      | Reached XP level 3. HP: 27/33 MP: 2/2
   981 | D:2      | Reached skill level 1 in Throwing
  1032 | D:2      | Reached XP level 4. HP: 38/40 MP: 3/3
  1571 | D:3      | Reached skill level 5 in Long Blades
  1571 | D:3      | Reached XP level 5. HP: 43/47 MP: 4/4
  2359 | D:3      | Noticed Purgy
  2369 | D:3      | Killed Purgy
  2369 | D:3      | Reached XP level 6. HP: 28/53 MP: 5/5
  3056 | D:4      | Reached skill level 5 in Fighting
  3056 | D:4      | Reached skill level 6 in Long Blades
  3487 | D:5      | Entered Level 5 of the Dungeon
  3519 | D:5      | Reached XP level 7. HP: 54/61 MP: 6/6
  3567 | D:5      | Found a glowing golden altar of the Shining One.
  3802 | D:5      | Noticed morken's ghost (novice DsBe)
  4082 | D:5      | Found a burning altar of Makhleb.
  4138 | D:5      | Slain by an orc warrior

Vault maps used:
D:1:      saegor_arrival_simple_d, minivault_24, chequers_big_river,
          minmay_misc_feat_enclosed
D:3:      kennysheep_generic_room_12, uniq_purgy
D:4:      first_bread
D:5:      nicolae_overflow_crystal_walls, lightli_temple_of_fire,
          minmay_temple_entry_glass, serial_shops, kennysheep_mini,
          serial_glass, glass_columns_a, glass_columns_b, glass_columns_a,
          glass_columns_c, glass_columns_a, glass_columns_a, glass_columns_a,
          glass_columns_a, uniq_crazy_yiuf_cottage, uniq_sigmund, uniq_menkaure

Skill      XL: |  1  2  3  4  5  6 |
---------------+-------------------+-----
Long Blades    | 4 5 6 |  6.5
Armour         | 1 2 3 |  3.4
Fighting       | 4 5 |  5.3
Throwing       | 1 2 |  2.8
Dodging        | 4 |  4.6
Stealth        | |  1.5

Action                   |  1- 3 |  4- 6 |  7- 9 || total
-------------------------+-------+-------+-------++-------
Melee: Falchion          |    69 |       |       ||    69
       Headbutt          |    13 |    40 |    13 ||    66
       Mace              |       |   186 |    62 ||   248
  Use: Scroll            |       |     9 |       ||     9
 Stab: Sleeping          |     3 |       |       ||     3
  Eat: Chunk             |       |     9 |     1 ||    10
Armor: Robe              |     5 |       |       ||     5
       Leather armour    |     4 |       |       ||     4
       Plate armour      |     1 |   188 |    89 ||   278
Dodge: Dodged            |    57 |    84 |    37 ||   178
       Rpst.: Falchion   |    11 |       |       ||    11

Table legend:
 A = Spawn XP
 B = Non-spawn XP
 C = Spawn XP percentage of total XP
 D = Spawn monster count
 E = Non-spawn monster count
 F = Spawn count percentage of total count
 G = Total turns spent on level
                    A         B        C        D         E        F      G
               +---------+---------+-------+---------+---------+-------+---------
         Total |       0 |     856 |   0.0 |       0 |      98 |   0.0 |  4138
               +---------+---------+-------+---------+---------+-------+---------
           D:1 |       0 |      52 |   0.0 |       0 |      26 |   0.0 |   896
           D:2 |       0 |     101 |   0.0 |       0 |      21 |   0.0 |   503
           D:3 |       0 |     258 |   0.0 |       0 |      23 |   0.0 |  1418
           D:4 |       0 |     282 |   0.0 |       0 |      10 |   0.0 |   670
           D:5 |       0 |     163 |   0.0 |       0 |      18 |   0.0 |   651
               +---------+---------+-------+---------+---------+-------+---------
